 Dungeon Crawl Stone Soup version 0.29.0-13-gc9e81de378 (webtiles) character file.

Game seed: 3965061351858707887

207 Xanbad the Grave Robber (level 5, -14/38 HPs)
             Began as a Demonspawn Necromancer on Sept 8, 2022.
             Was an Initiate of Ru.
             Demolished by an orc priest
             ... wielding a +1 dagger of distortion
              (16 damage)
             ... on level 4 of the Dungeon.
             The game lasted 00:14:07 (4339 turns).

Xanbad the Grave Robber (Demonspawn Necromancer)    Turns: 4339, Time: 00:14:07

Health: -14/38     AC:  5    Str:  9    XL:     5   Next: 54%
Magic:  0/8        EV: 12    Int: 18    God:    Ru [......]
Gold:   169        SH:  4    Dex: 13    Spells: 4/8 levels left

rFire   . . .      SeeInvis .   j - +2 hand axe (freeze)
rCold   . . .      Faith    .   (no shield)
rNeg    . . .      Spirit   .   a - +0 robe
rPois   .          Reflect  .   q - +0 helmet
rElec   .          Harm     .   (no cloak)
rCorr   .          Rampage  .   (no gloves)
Will    .....                   m - +1 pair of boots
Stlth   ++........              (no amulet)
HPRegen 0.12/turn               (no ring)
MPRegen 0.11/turn               (no ring)

@: no status effects
A: foul stench 1, condensation shield, weakness stinger 1
a: Renounce Religion


You were on level 4 of the Dungeon.
You worshipped Ru.
Ru was noncommittal.
You visited 2 branches of the dungeon, and saw 5 of its levels.

You collected 169 gold pieces.

Inventory:

Hand Weapons
 c - a +1 war axe
 j - a +2 hand axe of freezing (weapon)
Missiles
 l - 8 poisoned darts
Armour
 a - a +0 robe (worn)
 m - a +1 pair of boots (worn)
 q - a +0 helmet (worn)
 t - a +1 scale mail of willpower
Scrolls
 d - a scroll of identify
 h - 3 scrolls of teleportation
 i - a scroll of enchant weapon
 k - a scroll of enchant armour {unknown}
 o - 3 scrolls of noise {unknown}
 r - a scroll of butterflies
Potions
 b - 2 potions of magic
 e - a potion of cancellation
 f - a potion of heal wounds
 g - a potion of flight
 p - a potion of curing {unknown}
 s - a potion of degeneration {unknown}


   Skills:
 + Level 2.1 Fighting
 - Level 1.7 Dodging
 * Level 3.8 Stealth
 - Level 2.0 Spellcasting
 * Level 5.8 Necromancy


You had 4 spell levels left.
You knew the following spells:

 Your Spells              Type           Power      Damage    Failure   Level
a - Necrotise             Necr           88%        1d8       1%          1
b - Vampiric Draining     Necr           22%        2d7       4%          3

Your spell library contained the following spells:

 Spells                   Type           Power      Damage    Failure   Level
 Animate Dead             Necr           22%        N/A       16%         4
 Agony                    Necr           22%        N/A       41%         5


Dungeon Overview and Level Annotations

Branches:
Dungeon (4/15)             Temple (1/1) D:4

Altars:
Ashenzari
Dithmenos
Fedhas
Gozag
Hepliaklqana
Kikubaaqudgha
Makhleb
Nemelex Xobeh
Okawaru
Qazlal
Ru
Sif Muna
Uskayaw
Wu Jian
Xom
Yredelemnul

Shops:
D:3 (


Innate Abilities, Weirdness & Mutations

You may rarely emit foul miasma when damaged in melee.
A meltable shield of frost defends you. (SH +4)
You have a small tail.


Message History

Confirm with . or Enter, or press ? or * to list all spells.
Aiming: Necrotise (safe; 1% risk of failure)
Press: ? - help, Shift-Dir - straight line, f/p - orc priest
Aim: an orc priest, wielding a +1 dagger of distortion (unable to see you, ally target, chance to affect: 81%)
The orc priest barely resists.
You flicker for a moment.
Your orc wizard skeleton hits the orc priest but does no damage.
Casting: Necrotise (safe; 1% risk of failure)
Confirm with . or Enter, or press ? or * to list all spells.
Aiming: Necrotise (safe; 1% risk of failure)
Press: ? - help, Shift-Dir - straight line, f/p - orc priest
Aim: an orc priest, wielding a +1 dagger of distortion (unable to see you, ally target, chance to affect: 81%)
The orc priest writhes in agony.
The orc priest closely misses you.
Your orc wizard skeleton closely misses the orc priest.
You closely miss the orc priest.
The orc priest is moderately wounded.
The orc priest hits you with a +1 dagger of distortion.
You blink.
Found a mace.
Casting: Necrotise (safe; 1% risk of failure)
Confirm with . or Enter, or press ? or * to list all spells.
Aiming: Necrotise (safe; 1% risk of failure)
Press: ? - help, Shift-Dir - straight line, f/p - orc priest
Aim: an orc priest, wielding a +1 dagger of distortion (moderately wounded, unable to see you, ally target, chance to affect: 81%)
The orc priest barely resists.
Casting: Necrotise (safe; 1% risk of failure)
Confirm with . or Enter, or press ? or * to list all spells.
Aiming: Necrotise (safe; 1% risk of failure)
Press: ? - help, Shift-Dir - straight line, f/p - orc priest
Aim: an orc priest, wielding a +1 dagger of distortion (moderately wounded, unable to see you, ally target, chance to affect: 81%)
The orc priest writhes in agony.
You flicker back into view.
The orc priest hits you but does no damage.
Space warps horribly around you!
* * * LOW HITPOINT WARNING * * *
You closely miss the orc priest.
The orc priest is moderately wounded.
The orc priest hits you with a +1 dagger of distortion.
* * * LOW HITPOINT WARNING * * *
Space warps horribly around you!
You die...

##########
#........#
#........# ..
#......).# ...
#........# ....
#..o@....#
....#####..Z.....#
............##+###
............#
#........#
#........#
#........#
#........#
#........#


You could see an orc priest (ally target) and a friendly orc wizard skeleton.

Vanquished Creatures
  A phantom (D:4)
  An orc wizard (D:4)
  Robin (D:4)
  3 adders (D:3)
  A worm (D:4)
  2 dart slugs
  4 orcs (D:4)
  4 endoplasms
  A giant cockroach (D:3)
  14 goblins
  3 hobgoblins
  4 jackals
  4 quokkas
  3 ball pythons
  A frilled lizard (D:1)
  6 kobolds
  7 rats
60 creatures vanquished.

Vanquished Creatures (collateral kills)
  A goblin (D:4)
  A frilled lizard (D:1)
2 creatures vanquished.

Vanquished Creatures (others)
  8 plants (D:1)
8 creatures vanquished.

Grand Total: 70 creatures vanquished

Notes
Turn   | Place    | Note
-------+----------+-------------------------------------------
     0 | D:1      | Xanbad the Demonspawn Necromancer began the quest for the
                  | Orb.
     0 | D:1      | Reached XP level 1. HP: 13/13 MP: 3/3
   559 | D:1      | Gained mutation: You have a small tail. [demonic ancestry]
   559 | D:1      | Reached XP level 2. HP: 20/20 MP: 3/5
  1961 | D:3      | Reached skill level 1 in Fighting
  1961 | D:3      | Gained mutation: You may rarely emit foul miasma when
                  | damaged in melee. [demonic ancestry]
  1961 | D:3      | Reached XP level 3. HP: 26/26 MP: 3/6
  2143 | D:3      | Found Coph's Antique Weapon Shop.
  2643 | D:3      | Learned a level 3 spell: Vampiric Draining
  2667 | D:3      | Reached skill level 5 in Necromancy
  3058 | D:4      | Reached XP level 4. HP: 32/32 MP: 5/7
  3225 | D:4      | Noticed Robin
  3366 | D:4      | Noticed a phantom
  3459 | D:4      | Killed Robin
  3729 | D:4      | Killed a phantom
  3730 | D:4      | Gained mutation: A meltable shield of frost defends you.
                  | (SH +4) [demonic ancestry]
  3730 | D:4      | Reached XP level 5. HP: 27/38 MP: 8/8
  3850 | D:4      | Found a staircase to the Ecumenical Temple.
  3950 | Temple   | Entered the Ecumenical Temple
  4224 | Temple   | Became a worshipper of Ru the Awakened
  4339 | D:4      | Demolished by an orc priest

Illustrated notes

Levels and vault maps discovered:
D:1:      dpeg_arrival_three_smaller_balls, layout_loops_ring,
          minmay_misc_feat_roman, lexackson_kobold_supper
D:2:      layout_basic
D:3:      minmay_chambers_of_twos, layout_basic, serial_shops, shop
D:4:      layout_gridville, minmay_temple_entry_statues_pillars,
          minmay_misc_feat_four_crosses, minmay_unequal, uniq_robin
Temple:   compressed_dpeg_triangle_lava_temple

Skill      XL: |  1  2  3  4 |
---------------+-------------+-----
Stealth        | 2 3 |  3.8
Fighting       | 1 2 |  2.1
Necromancy     | 5 |  5.8
Dodging        | |  1.7
Spellcasting   | |  2.0

Action                   |  1- 3 |  4- 6 || total
-------------------------+-------+-------++-------
Melee: War axe           |     7 |       ||     7
       Punch             |     1 |       ||     1
       Hand axe          |     6 |    25 ||    31
       Tailslap          |       |     4 ||     4
 Cast: Necrotise         |    53 |    38 ||    91
  Use: Scroll            |     7 |       ||     7
       Potion            |       |     3 ||     3
 Stab: Sleeping          |     1 |       ||     1
Armor: Robe              |     1 |    13 ||    14
Dodge: Dodged            |     7 |    38 ||    45
